 Dungeon Crawl Stone Soup version 0.26-a0-852-g6321bf7485 (webtiles) character file.

Game seed: 4742749134665257954

16294 iamoutofideas the Nimble (level 12, -5/118 HPs)
             Began as a Troll Hunter on Nov 21, 2020.
             Was a High Priest of Okawaru.
             Slain by Rupert
             ... wielding a +2 vorpal executioner's axe
              (31 damage)
             ... on level 12 of the Dungeon.
             The game lasted 00:16:09 (10949 turns).

iamoutofideas the Nimble (Troll Hunter)            Turns: 10949, Time: 00:16:10

Health: -5/118     AC:  9    Str: 26    XL:     12   Next: 8%
Magic:  0/20       EV: 17    Int:  7    God:    Okawaru [*****.]
Gold:   818        SH:  0    Dex: 11    Spells: 11/11 levels left

rFire    . . .     SeeInvis +     - Unarmed
rCold    . . .     Faith    .   (no shield)
rNeg     + . .     Spirit   +   b - +0 robe
rPois    +         Reflect  .   (helmet restricted)
rElec    .         Harm     .   x - +2 cloak {Stlth+}
rCorr    .         Rampage  .   (gloves unavailable)
MR       .....                  (boots unavailable)
Stlth    ++........             J - amulet of guardian spirit
HPRegen  0.69/turn              s - ring "Kubliap" {+Inv rPois rN+ MP+9 Stlth-}
MPRegen  0.17/turn              D - ring of see invisible

@: heroism
A: large, unfitting armour, claws 3, regeneration 1, shaggy fur 1, tough skin 3
a: Heroism, Finesse, Renounce Religion, Evoke Invisibility


You were on level 12 of the Dungeon.
You worshipped Okawaru.
Okawaru was extremely pleased with you.
You visited 2 branches of the dungeon, and saw 13 of its levels.
You also visited: Sewer.

You collected 818 gold pieces.

Inventory:

Missiles
 c - 9 large rocks (quivered)
 d - 4 throwing nets
 p - 93 poisoned darts
Armour
 b - a +0 robe (worn)
 r - a +1 kite shield of protection
 x - a +2 cloak of stealth (worn)
Jewellery
 s - the ring "Kubliap" (left claw) {+Inv rPois rN+ MP+9 Stlth-}
   (You found it on level 4 of the Dungeon)

   [ring of magical power]

   It protects you from poison.
   It protects you from negative energy.
   It affects your magic capacity (+9).
   It lets you turn invisible.
   It makes you less stealthy.
 y - an uncursed ring of fire
 B - a cursed -4 ring of dexterity {unknown}
 D - a ring of see invisible (right claw)
 G - a +4 ring of evasion
 J - an amulet of guardian spirit (around neck)
 K - an uncursed ring of stealth
 N - a +6 ring of intelligence
 O - an uncursed ring of magical power
 Q - an uncursed amulet of the acrobat
 S - a cursed amulet of inaccuracy {unknown}
 U - an uncursed ring of resist corrosion
Wands
 l - a wand of enslavement (23)
 n - a wand of polymorph (22)
 w - a wand of random effects (16)
 I - a wand of acid (4)
 M - a wand of paralysis (35)
Scrolls
 f - 7 scrolls of identify
 h - a scroll of teleportation
 i - a scroll of immolation
 k - 5 scrolls of fear
 q - 3 scrolls of remove curse
 u - a scroll of amnesia
 C - a scroll of magic mapping
 E - 2 scrolls of enchant weapon
 R - 2 scrolls of enchant armour
 T - a scroll of summoning {unknown}
Potions
 a - a potion of invisibility {unknown}
 e - 5 potions of brilliance {unknown}
 g - 6 potions of flight
 j - 3 potions of heal wounds
 m - 3 potions of curing
 o - 6 potions of mutation
 t - 2 potions of might
 v - a potion of ambrosia {unknown}
 z - a potion of attraction {unknown}
 F - a potion of haste
 H - a potion of lignification {unknown}
 L - a potion of degeneration {unknown}
 P - 2 potions of magic {unknown}


   Skills:
 - Level 7.4(12.4) Fighting
 - Level 5.4(10.4) Throwing
 - Level 10.8(15.8) Dodging
 - Level 0.3(5.3) Stealth
 + Level 5.0(10.0) Shields
 - Level 10.1(15.1) Unarmed Combat


You had 11 spell levels left.
You didn't know any spells.
Your spell library was empty.

Dungeon Overview and Level Annotations

Branches:
Dungeon (12/15)            Temple (1/1) D:4            Lair (0/6) D:9
  Sewer (visited)
    Orc: D:9-12

Altars:
Ashenzari
Cheibriados
Dithmenos
Elyvilon
Fedhas
Gozag
Hepliaklqana
Kikubaaqudgha
Makhleb
Nemelex Xobeh
Okawaru
Qazlal
Ru
Sif Muna
Trog
Uskayaw
Vehumet
Wu Jian
Xom
Yredelemnul
Zin
The Shining One

Annotations:
D:3 3 runed translucent doors, BigShawn's ghost, novice HuCj
D:4 2 transporters
D:10 Snorg
D:12 Rupert


Innate Abilities, Weirdness & Mutations

You are too large for most types of armour.
You have claws for hands.
Your natural rate of healing is unusually fast.
You are covered in fur. (AC +1)
You have extremely tough skin. (AC +3)


Message History

Rupert is lightly wounded.
Rupert hits you with a +2 vorpal executioner's axe!
You claw Rupert!
Rupert is moderately wounded.
You gain the combat prowess of a mighty hero.
Rupert yells loudly at you.
You are confused.
You feel better. Rupert yells loudly at you.
You suddenly lose the ability to move!
Rupert hits you with a +2 vorpal executioner's axe! x2
Rupert roars madly and goes into a rage!
Rupert goes berserk!
Rupert hits you with a +2 vorpal executioner's axe!!
* * * LOW HITPOINT WARNING * * *
x2 You can move again.
Press: ? - help, Dir - move target cursor, p - Rupert
As you read the scroll of blinking, it crumbles to dust.
Rupert hits you with a +2 vorpal executioner's axe!!!
You die...

#.. #
###..##+##+##.#
.(.............
...............
...............
#'####
##ยง...##..
#.@.......
##@.......
#....##..
#....# . #....#
.......
........
.........
#.........


You could see Rupert (berserk).

Vanquished Creatures
  A two-headed ogre (D:11)
  A skeletal warrior (D:9)
  An unseen horror (D:11)
  A necromancer (D:9)
  2 manticores
  A guardian serpent (D:10)
  Psyche (D:8)
  A komodo dragon (D:9)
  3 trolls
  2 hornets
  4 flying skulls (D:9)
  12 yaks (D:9)
  2 shadows
  4 wyverns
  3 wraiths (D:9)
  Eustachio (D:5)
  2 basilisks (D:9)
  A swamp drake (D:9)
  A water moccasin (D:11)
  An ice beast (D:8)
  3 orc warriors
  An eye of draining (D:10)
  4 phantoms
  5 sky beasts
  5 ogres
  A black bear (D:8)
  A necrophage (D:8)
  5 centaurs
  3 big kobolds
  A gnoll sergeant (D:7)
  9 bullfrogs
  3 scorpions
  A wyvern skeleton (D:9)
  14 killer bees
  25 wights
  11 howler monkeys
  3 centaur zombies (D:9)
  4 bullfrog zombies
  3 hounds
  Crazy Yiuf (D:4)
  2 jellies
  5 orc priests
  3 bullfrog skeletons
  11 orc wizards
  4 centaur skeletons
  6 iguanas
  Terence (D:2)
  5 worker ants
  A killer bee zombie (D:9)
  2 hound zombies
  4 hound skeletons
  3 worker ant zombies
  14 gnolls
  13 adders
  2 howler monkey skeletons
  2 river rats (Sewer)
  A shadow imp (D:6)
  5 white imps
  3 oozes
  An adder zombie (D:9)
  7 adder skeletons
  6 worms
  A dart slug (D:1)
  2 leopard geckos
  30 orcs
  2 ball pythons
  2 giant cockroaches
  8 goblins
  9 hobgoblins
  8 jackals
  5 quokkas
  6 bats
  8 frilled lizards
  2 jackal skeletons
  18 kobolds
  A quokka zombie (D:9)
  9 rats
360 creatures vanquished.

Vanquished Creatures (others)
  A gnoll (D:7)
  4 fungi (D:4)
5 creatures vanquished.

Grand Total: 365 creatures vanquished

Notes
Turn   | Place    | Note
-------+----------+-------------------------------------------
     0 | D:1      | iamoutofideas the Troll Hunter began the quest for the Orb.
     0 | D:1      | Reached XP level 1. HP: 19/19 MP: 0/0
   139 | D:1      | Reached XP level 2. HP: 28/28 MP: 1/1
   472 | D:1      | Found a broken altar of Ashenzari.
   802 | D:2      | Reached skill level 1 in Unarmed Combat
   802 | D:2      | Reached XP level 3. HP: 22/35 MP: 2/2
  1480 | D:2      | Noticed Terence
  1487 | D:2      | Killed Terence
  1488 | D:2      | Reached XP level 4. HP: 42/42 MP: 3/3
  1968 | D:3      | Found a runed translucent gate.
  1968 | D:3      | Found a runed translucent gate.
  1968 | D:3      | Found a runed translucent gate.
  1968 | D:3      | Noticed BigShawn's ghost (novice HuCj)
  2001 | D:3      | Found a faded altar of an unknown god.
  2056 | D:3      | Reached XP level 5. HP: 49/49 MP: 4/4
  2064 | D:3      | Found an ancient bone altar of Kikubaaqudgha.
  2549 | D:4      | Reached skill level 5 in Unarmed Combat
  2566 | D:4      | Reached XP level 6. HP: 19/57 MP: 5/5
  2680 | D:4      | Found a transporter.
  2724 | D:4      | Got a pitted bone ring
  2726 | D:4      | Identified the ring "Kubliap" {+Inv rPois rN+ MP+9 Stlth-}
                  | (You found it on level 4 of the Dungeon)
  2844 | D:4      | Found a transporter.
  2915 | D:4      | Found a staircase to the Ecumenical Temple.
  3120 | D:4      | Found a runed translucent door.
  3121 | D:4      | Noticed Crazy Yiuf
  3252 | D:4      | Reached XP level 7. HP: 54/63 MP: 6/6
  3408 | Temple   | Entered the Ecumenical Temple
  4033 | D:4      | Killed Crazy Yiuf
  4131 | D:5      | Entered Level 5 of the Dungeon
  4333 | D:5      | Found a glowing drain.
  4349 | Sewer    | Entered a sewer
  4437 | Sewer    | Found a white marble altar of Elyvilon.
  4600 | D:5      | Noticed Eustachio
  4636 | D:5      | Killed Eustachio
  4832 | D:5      | Reached XP level 8. HP: 71/72 MP: 7/7
  5015 | D:6      | Found an iron altar of Okawaru.
  5065 | D:6      | Became a worshipper of Warmaster Okawaru
  5144 | D:6      | Reached skill level 10 in Unarmed Combat
  5192 | D:6      | Found a basalt altar of Yredelemnul.
  5508 | D:6      | Noticed a troll
  5519 | D:6      | Killed a troll
  5519 | D:6      | Reached * piety under Okawaru
  5520 | D:6      | Reached XP level 9. HP: 40/80 MP: 8/8
  5987 | D:7      | Reached ** piety under Okawaru
  5992 | D:7      | Found a sacrificial altar of Ru.
  5995 | D:7      | Found an opulent altar of Gozag.
  5999 | D:7      | Found a hide-covered altar of Uskayaw.
  6007 | D:7      | Reached skill level 5 in Dodging
  6747 | D:7      | Found a hazy altar of Hepliaklqana.
  6815 | D:8      | Reached *** piety under Okawaru
  6914 | D:8      | Reached XP level 10. HP: 61/94 MP: 9/9
  7307 | D:8      | Found a snail-covered altar of Cheibriados.
  7307 | D:8      | Noticed Psyche
  7315 | D:8      | Killed Psyche
  7316 | D:8      | Reached skill level 5 in Fighting
  7389 | D:8      | Reached **** piety under Okawaru
  7672 | D:9      | Reached skill level 5 in Throwing
  7880 | D:9      | Reached ***** piety under Okawaru
  7971 | D:9      | Found a staircase to the Lair.
  8150 | D:9      | Received a gift from Okawaru
  8165 | D:9      | Reached XP level 11. HP: 86/107 MP: 10/10
  8175 | D:9      | Noticed a necromancer
  8176 | D:9      | Noticed a skeletal warrior
  8203 | D:9      | Killed a necromancer
  8214 | D:9      | Killed a skeletal warrior
  8214 | D:9      | Received a gift from Okawaru
  8573 | D:9      | Reached skill level 10 in Dodging
  8992 | D:10     | Entered Level 10 of the Dungeon
  9043 | D:10     | Received a gift from Okawaru
  9287 | D:10     | Noticed Snorg
  9312 | D:10     | Received a gift from Okawaru
  9595 | D:10     | Reached skill level 1 in Shields
 10562 | D:11     | Noticed an unseen horror
 10569 | D:11     | Killed an unseen horror
 10570 | D:11     | Reached XP level 12. HP: 87/118 MP: 11/11
 10616 | D:11     | Noticed a two-headed ogre
 10622 | D:11     | Killed a two-headed ogre
 10623 | D:11     | Reached skill level 5 in Shields
 10929 | D:12     | Noticed Rupert
 10929 | D:12     | Paralysed by Rupert for 3 turns
 10942 | D:12     | Paralysed by Rupert for 6 turns
 10949 | D:12     | Slain by Rupert

Illustrated notes

Levels and vault maps discovered:
D:1:      dpeg_arrival_brainrot, layout_basic, evilmike_ruin_ashenzari
D:2:      layout_basic, grunt_ministairs_6, minmay_tripent, uniq_terence
D:3:      layout_basic, lemuel_round_altar, chequers_ecumenical_altar_island,
          gammafunk_ghost_necromancy
D:4:      gammafunk_steamed_eel, layout_layer_cave,
          minmay_temple_entry_stoned_glass, uniq_crazy_yiuf_cottage
D:5:      layout_loops_cross, portal_sewer_entry_c, abandoned_shop,
          kennysheep_generic_room_8, uniq_eustachio
D:6:      layout_cave_pools, okawaru_trees_2, yredelemnul_altar_generic,
          chequers_arboretum
D:7:      layout_basic, kennysheep_little_box, grunt_temple_overflow_open,
          chequers_serial_rivers_micro_c
D:8:      layout_basic, lemuel_round_altar, uniq_psyche
D:9:      hangedman_screamer, layout_loops_ring, erik_lair_dragon
D:10:     nrook_guardian_serpent_snake_passage, layout_cave_pools,
          evilmike_minifort, uniq_snorg
D:11:     layout_loops_corners
D:12:     layout_gridville, david_orc_2, uniq_rupert
Temple:   dpeg_chambers_temple

Skill      XL: |  1  2  3  4  5  6  7  8  9 10 11 12 |
---------------+-------------------------------------+-----
Throwing       | 4 5 |  5.4
Unarmed Combat | 1 3 5 7 8 10 | 10.1
Fighting       | 2 4 6 7 |  7.4
Dodging        | 4 6 9 10 | 10.8
Shields        | 4 5 |  5.0
Stealth        | |  0.3

Action                   |  1- 3 |  4- 6 |  7- 9 | 10-12 || total
-------------------------+-------+-------+-------+-------++-------
Melee: Unarmed           |   125 |   162 |   328 |   604 ||  1219
       Punch             |       |     4 |    11 |    35 ||    50
Throw: Large rock        |       |       |     5 |    18 ||    23
Invok: Heroism           |       |       |       |     2 ||     2
  Use: Scroll            |       |     5 |     9 |    10 ||    24
       Potion            |       |       |       |     7 ||     7
 Stab: Sleeping          |       |     1 |       |       ||     1
Armor: Robe              |    47 |    69 |   129 |   146 ||   391
Dodge: Dodged            |    75 |    96 |   212 |   467 ||   850

Table legend: (Time is in decaauts)
 A = Elapsed time spent in this place.
 B = Non-inter-level travel time spent in this place.
 C = Inter-level travel time spent in this place.
 D = Time resting spent in this place.
 E = Time spent auto-exploring this place.
 F = Levels seen in this place.
 G = Mean time per level.
                   A        B        C        D        E       F      G
               +--------+--------+--------+--------+--------+-----+--------+
         Total |  10826 |  10405 |    421 |    559 |   7402 |  14 |  773.3 |
       Dungeon |  10460 |  10063 |    397 |    559 |   7103 |  12 |  871.7 |
        Temple |    212 |    189 |     23 |      0 |    189 |   1 |  212.0 |
         Sewer |    153 |    153 |      0 |      0 |    109 |   1 |  153.0 |
               +--------+--------+--------+--------+--------+-----+--------+

Top non-repeatable levels by time:
     D:9: 1487 daAuts
     D:4: 1395 daAuts
    D:11: 1162 daAuts
     D:2: 1019 daAuts
     D:7: 997 daAuts
     D:1: 785 daAuts
     D:5: 739 daAuts
     D:6: 729 daAuts
     D:8: 713 daAuts
    D:10: 706 daAuts
     D:3: 698 daAuts
  Temple: 212 daAuts
   Sewer: 153 daAuts
    D:12: 23 daAuts
